Map: [ESL] Oceanborn

Players

NightPhoenix - Winner!

  • Race: Protoss Protoss
  • Spawn Location: 5:00

uThermal

  • Race: Zerg Zerg
  • Spawn Location: 11:00

Event: ESL SC2 Masters 2024 Spring (Regional)

VOD

Have the link to the VOD?

Description

Time

  • Played on: April 19, 2024, 10:28 a.m.
  • Length: 14:03

All games in this series

Show
View Real Time Build Order
Export as new Build Order

NightPhoenix Protoss - Winner!

Build Orders: Oracle Opening, Carriers 

Get SALT Encoding   

  12  0:00  Probe  
  13  0:12  Probe  
  14  0:17  Pylon  
  14  0:24  Probe (Chrono Boost)  
  15  0:36  Probe (Chrono Boost)  
  15  0:37  Gateway  
  16  0:44  Probe (Chrono Boost)  
  16  0:47  Assimilator  
  17  0:51  Probe  
  18  1:03  Probe  
  19  1:18  Probe  
  20  1:24  Cybernetics Core  
  20  1:26  Zealot (Chrono Boost)  
  20  1:29  Pylon  
  20  1:31  Assimilator, Probe  
  23  1:47  Probe  
  23  1:50  Zealot (Chrono Boost)  
  23  1:51  Gateway  
  26  2:10  Adept  
  28  2:27  Nexus  
  28  2:38  Stargate  
  28  2:41  Warp Gate  
  28  2:45  Probe  
  29  2:56  Pylon  
  29  2:58  Probe  
  30  3:10  Probe  
  31  3:22  Probe  
  31  3:24  Void Ray (Chrono Boost)  
  36  3:28  Adept  
  38  3:34  Probe (Chrono Boost)  
  38  3:40  Probe (Chrono Boost)  
  40  3:42  Twilight Council  
  40  3:46  Probe (Chrono Boost)  
  41  3:51  Probe (Chrono Boost)  
  41  3:53  Probe (Chrono Boost)  
  41  3:55  Probe (Chrono Boost)  
  43  3:58  Oracle  
  47  4:06  Gateway  
  47  4:11  Probe x2  
  47  4:13  Resonating Glaives (Chrono Boost)  
  47  4:15  Gateway  
  49  4:23  Probe x2  
  51  4:27  Pylon  
  51  4:31  Pylon  
  51  4:40  Probe  
  51  4:41  Probe  
  53  4:54  Probe x2  
  55  5:00  Nexus  
  55  5:02  Adept x2  
  55  5:04  Adept  
  55  5:06  Probe  
  62  5:07  Probe  
  62  5:10  Adept  
  65  5:15  Pylon  
  65  5:22  Adept  
  65  5:23  Adept  
  65  5:26  Shield Battery  
  69  5:34  Assimilator  
  69  5:35  Assimilator  
  69  5:41  Probe x2  
  75  5:43  Void Ray  
  75  5:56  Adept x2  
  77  6:00  Probe x2  
  77  6:01  Pylon  
  75  6:04  Stargate  
  67  6:13  Probe (Chrono Boost), Adept  
  67  6:14  Probe x2 (Chrono Boost)  
  67  6:17  Adept  
  72  6:19  Adept x2  
  78  6:25  Probe (Chrono Boost)  
  78  6:26  Probe (Chrono Boost)  
  78  6:30  Probe (Chrono Boost)  
  78  6:32  Probe (Chrono Boost)  
  84  6:33  Void Ray  
  84  6:35  Stargate, Probe x2 (Chrono Boost)  
  84  6:39  Assimilator  
  86  6:49  Adept x4  
  86  6:50  Probe  
  95  6:54  Probe  
  95  6:55  Probe  
  95  6:57  Assimilator  
  95  6:59  Pylon  
  101  7:17  Pylon  
  101  7:18  Pylon  
  101  7:19  Void Ray (Chrono Boost)  
  101  7:21  Void Ray (Chrono Boost)  
  87  7:33  Void Ray (Chrono Boost)  
  87  7:36  Adept x2  
  87  7:37  Adept x2  
  89  7:38  Probe x3  
  89  7:41  Shield Battery  
  89  7:44  Shield Battery  
  92  7:50  Probe x2  
  92  7:51  Probe  
  95  7:56  Void Ray  
  103  8:02  Probe  
  103  8:03  Void Ray, Probe  
  103  8:04  Adept  
  107  8:06  Adept  
  107  8:12  Adept x2  
  113  8:24  Fleet Beacon  
  113  8:25  Protoss Air Weapons Level 1 (Chrono Boost)  
  113  8:28  Adept x2  
  117  8:35  Pylon x2  
  117  8:36  Pylon  
  117  8:40  Adept x2  
  121  8:43  Shield Battery  
  121  8:50  Adept x2  
  121  8:53  Pylon  
  131  9:11  Carrier  
  131  9:14  Mothership (Chrono Boost)  
  133  9:18  Carrier  
  139  9:24  Adept  
  139  9:25  Adept  
  141  9:32  Adept  
  141  9:33  Adept  
  141  9:34  Carrier  
  149  9:40  Pylon  
  149  9:42  Pylon  
  149  9:43  Pylon  
  147  9:59  Forge  
  147  10:01  Pylon  
  147  10:15  Carrier (Chrono Boost)  
  147  10:21  Pylon  
  147  10:22  Nexus  
  147  10:23  Carrier (Chrono Boost)  
  147  10:25  Pylon  
  149  10:36  Carrier (Chrono Boost)  
  155  10:45  Nexus  
  155  10:46  Shield Battery  
  155  10:54  Protoss Air Weapons Level 2 (Chrono Boost)  
  155  10:56  Probe x3  
  158  11:00  Pylon  
  158  11:03  Photon Cannon  
  158  11:16  Carrier (Chrono Boost)  
  164  11:21  Carrier (Chrono Boost)  
  170  11:25  Assimilator  
  170  11:26  Assimilator  
  170  11:28  Shield Battery  
  170  11:33  Carrier  
  170  11:34  Templar Archives  
  176  11:59  Adept x4  
  174  12:07  Probe x2  
  159  12:09  Probe  
  159  12:10  Probe  
  155  12:19  Probe  
  155  12:24  Adept x2  
  155  12:25  Adept  
  155  12:29  Adept  
  152  12:30  Probe x3  
  152  12:31  Probe  
  143  12:43  Probe x4  
  139  12:48  High Templar x3  
  145  12:51  High Templar  
  145  12:54  Archon  
  145  12:55  Archon  
  142  13:22  High Templar x2  
  142  13:23  Adept x2  
  142  13:25  Pylon, Probe x2  
  142  13:26  Pylon  
  152  13:27  Archon  
  152  13:29  Probe  
  153  13:37  Probe x2  
  155  13:48  Probe  
  156  13:53  High Templar x2  
  162  13:57  Adept  
Show
View Real Time Build Order
Export as new Build Order

uThermal Zerg 

Build Orders: 3 Hatch before Pool 

Get SALT Encoding   

  12  0:00  Drone  
  13  0:10  Drone  
  14  0:21  Extractor  
  14  0:22  Extractor, Drone x2  
  16  0:43  Hatchery  
  15  1:06  Hatchery  
  14  1:20  Spawning Pool  
  14  1:25  Drone  
  14  1:30  Extractor  
  14  1:31  Drone  
  15  1:36  Overlord  
  15  2:01  Drone  
  16  2:07  Queen x2  
  20  2:10  Drone x2  
  20  2:13  Drone  
  20  2:14  Evolution Chamber  
  20  2:15  Drone  
  24  2:17  Drone  
  24  2:18  Drone  
  24  2:20  Extractor  
  25  2:22  Overlord  
  25  2:40  Drone, Hatchery  
  25  2:41  Drone  
  26  2:45  Drone  
  26  2:49  Zergling x2  
  29  2:51  Zergling x2  
  29  3:00  Queen  
  31  3:07  Queen  
  33  3:13  Overlord  
  33  3:19  Drone  
  34  3:21  Metabolic Boost  
  34  3:28  Drone x2  
  34  3:33  Zergling x4  
  34  3:34  Zergling x2  
  39  3:36  Zergling x2  
  40  3:46  Drone  
  40  3:47  Drone x3  
  44  3:52  Overlord  
  44  3:56  Queen  
  45  4:04  Queen  
  47  4:10  Queen  
  49  4:19  Evolution Chamber  
  49  4:20  Drone x2  
  49  4:21  Drone x2  
  52  4:25  Spore Crawler  
  52  4:28  Spore Crawler  
  52  4:29  Drone  
  51  4:33  Drone x2  
  51  4:37  Overlord  
  53  4:39  Drone  
  53  4:41  Drone  
  53  4:45  Drone  
  55  4:47  Overlord  
  55  4:52  Spore Crawler  
  55  4:55  Drone x2  
  55  4:58  Queen  
  56  5:06  Zerg Melee Weapons Level 1, Lair  
  55  5:15  Zergling x2  
  55  5:16  Zergling x2  
  55  5:17  Zergling x8  
  55  5:19  Zergling x2  
  55  5:20  Zergling x2  
  63  5:22  Zergling x2  
  63  5:27  Zergling x2  
  65  5:29  Zergling x2  
  65  5:30  Overlord  
  65  5:31  Overlord  
  66  5:40  Overlord  
  65  5:45  Overlord x2  
  63  5:54  Drone x3  
  63  6:00  Zergling x18  
  63  6:01  Zergling x2  
  63  6:04  Zergling x2  
  67  6:06  Drone  
  67  6:11  Drone x2  
  67  6:14  Drone  
  67  6:18  Drone x2  
  71  6:19  Drone  
  71  6:24  Drone x2  
  75  6:29  Overlord  
  75  6:31  Hydralisk Den  
  75  6:32  Drone x2  
  75  6:33  Drone x2  
  75  6:35  Drone  
  77  6:49  Baneling Nest  
  77  6:50  Drone x2  
  77  6:51  Drone x2  
  77  6:52  Zergling x8  
  77  6:53  Extractor  
  80  7:01  Zerg Melee Weapons Level 2  
  80  7:08  Zergling x14  
  83  7:13  Zergling x2, Baneling Nest  
  87  7:15  Zergling x2  
  87  7:16  Zergling x6  
  87  7:18  Baneling Nest  
  87  7:22  Zergling x2  
  89  7:25  Zergling x2  
  89  7:26  Zergling x14  
  88  7:32  Zergling x2  
  88  7:35  Overlord  
  88  7:36  Drone  
  88  7:42  Drone  
  89  7:47  Muscular Augments  
  89  7:48  Drone x2, Hatchery  
  89  7:49  Extractor x2  
  88  7:51  Drone  
  88  7:52  Overlord, Drone  
  88  7:57  Drone x2  
  92  8:01  Extractor, Hatchery  
  92  8:02  Drone x3  
  92  8:03  Overlord  
  93  8:05  Drone, Extractor  
  93  8:09  Overlord  
  93  8:10  Drone x3  
  93  8:12  Overlord  
  96  8:15  Centrifugal Hooks  
  96  8:18  Drone  
  97  8:21  Overlord  
  97  8:24  Drone x2  
  97  8:25  Drone  
  97  8:26  Baneling x2  
  97  8:27  Baneling x3  
  100  8:28  Drone  
  100  8:30  Drone  
  102  8:34  Drone  
  103  8:47  Drone x3  
  106  8:52  Hydralisk x3  
  106  8:53  Hydralisk x2  
  106  8:54  Baneling  
  106  8:55  Baneling x5  
  116  9:09  Hydralisk x2  
  120  9:12  Hydralisk x4  
  120  9:13  Overlord  
  120  9:15  Overlord  
  124  9:18  Hydralisk x2  
  124  9:21  Drone x2  
  124  9:22  Drone  
  127  9:25  Drone x2  
  127  9:28  Drone  
  127  9:29  Drone  
  126  9:33  Drone x4  
  127  9:42  Spore Crawler, Drone x3  
  127  9:43  Hydralisk  
  131  9:46  Zerg Missile Weapons Level 1  
  131  9:49  Hydralisk  
  131  9:51  Hydralisk  
  134  9:55  Hydralisk x2  
  134  9:58  Baneling x5  
  138  10:00  Baneling x5  
  138  10:03  Hydralisk  
  138  10:04  Hydralisk  
  138  10:06  Hydralisk  
  142  10:13  Overlord  
  144  10:14  Overlord, Drone  
  144  10:15  Drone x3  
  144  10:19  Hydralisk  
  148  10:23  Zergling x12  
  148  10:26  Zergling x4  
  148  10:27  Pneumatized Carapace  
  153  10:38  Hydralisk x4  
  153  10:39  Hydralisk  
  153  10:41  Hydralisk x2  
  166  10:51  Drone x4  
  166  10:56  Hydralisk  
  166  10:57  Hydralisk x2, Hatchery  
  170  10:58  Zergling x4  
  170  11:02  Grooved Spines  
  170  11:03  Hydralisk x2  
  181  11:08  Extractor  
  181  11:10  Hydralisk x3  
  186  11:11  Zergling x2  
  186  11:12  Zergling x2  
  186  11:17  Zergling x10  
  193  11:20  Overseer  
  193  11:21  Overseer x2  
  193  11:27  Zergling x12  
  193  11:31  Baneling x7  
  199  11:35  Overlord x2  
  199  11:39  Baneling x4  
  199  11:40  Baneling x3  
  199  11:48  Overlord  
  199  11:49  Overlord  
  199  11:51  Overlord  
  199  11:52  Overlord  
  197  11:56  Zergling x4  
  197  11:57  Zergling x2  
  180  12:03  Hydralisk x8  
  180  12:05  Zergling x2  
  180  12:06  Overlord  
  156  12:13  Zergling x4, Hydralisk  
  156  12:15  Zergling x2, Baneling x2  
  137  12:16  Zergling x10  
  137  12:18  Zergling x4  
  137  12:21  Zergling x2  
  137  12:22  Zergling x4  
  130  12:24  Hydralisk  
  130  12:27  Hydralisk  
  130  12:28  Hydralisk  
  132  12:32  Hydralisk  
  132  12:33  Hydralisk  
  126  12:38  Hydralisk x2  
  126  12:43  Hydralisk x2  
  128  12:45  Hydralisk  
  128  12:50  Hydralisk  
  132  12:55  Spore Crawler  
  132  12:56  Hydralisk, Spore Crawler  
  132  12:57  Hydralisk  
  132  12:58  Spore Crawler x2  
  131  13:04  Hydralisk, Spore Crawler  
  131  13:05  Spore Crawler  
  121  13:06  Hydralisk  
  121  13:11  Hydralisk  
  119  13:14  Hydralisk  
  119  13:18  Hydralisk  
  115  13:24  Hydralisk  
  115  13:27  Extractor  
  115  13:30  Spore Crawler  
  115  13:32  Spore Crawler  
  112  13:37  Hydralisk  
  102  13:50  Spore Crawler x2  
  102  13:51  Spore Crawler  
  102  13:54  Extractor x2  
Tags
 
Add a new tag
Caveats
  • Supply blocks, unpowered buildings, or Contaminate may cause inaccurate times.
  • Supply counts are checked every 10 seconds.